 Dungeon Crawl Stone Soup version 0.23.2-11-gf996548c65 (webtiles) character file.

Game seed: 15043261389311789198

3196 steinardarri the Grappler (level 9, -1/88 HPs)
             Began as a Troll Monk on June 6, 2019.
             Slain by a killer bee (6 damage)
             ... on level 8 of the Dungeon.
             The game lasted 00:36:33 (8034 turns).

steinardarri the Grappler (Troll Monk)              Turns: 8034, Time: 00:36:33

Health: -1/88      AC:  6    Str: 21    XL:     9   Next: 64%
Magic:  0/8        EV: 13    Int:  6    God:
Gold:   406        SH:  0    Dex: 15    Spells: 8/8 levels left

rFire    + . .     SeeInvis .     - Unarmed
rCold    x . .     Gourm    +   (no shield)
rNeg     . . .     Faith    .   a - +0 robe
rPois    .         Spirit   +   (helmet restricted)
rElec    .         Reflect  .   i - scarf {Spirit}
rCorr    .         Harm     .   (gloves unavailable)
MR       .....                  (boots unavailable)
Stlth    +++.......             (no amulet)
HPRegen  0.64/turn              B - ring of stealth
MPRegen  0.11/turn              p - ring of fire

@: lethally poisoned (-1 -> -18)
A: large, unfitting armour, claws 3, fast metabolism 3, gourmand, regeneration
1, shaggy fur 1, tough skin 3
a: no special abilities


You were on level 8 of the Dungeon.
You were not hungry.

You visited 2 branches of the dungeon, and saw 9 of its levels.

You collected 406 gold pieces.

Inventory:

Missiles
 g - 77 stones
 x - 2 large rocks (quivered)
 y - 8 silver javelins
 A - 7 javelins
Armour
 a - a +0 robe (worn)
 i - a scarf of spirit shield (worn)
Jewellery
 p - a ring of fire (right claw)
 B - a ring of stealth (left claw)
Scrolls
 d - a scroll of amnesia
 h - a scroll of blinking {unknown}
 j - 5 scrolls of teleportation
 k - a scroll of fog
 m - 10 scrolls of identify {unknown}
 o - 2 scrolls of magic mapping
 q - a scroll of enchant weapon {unknown}
 r - 3 scrolls of remove curse {unknown}
 t - 2 scrolls of enchant armour {unknown}
 z - a scroll of holy word {unknown}
 D - a scroll of silence {unknown}
Potions
 c - a potion of agility {unknown}
 e - 3 potions of lignification {unknown}
 f - 2 potions of magic {unknown}
 l - a potion of ambrosia {unknown}
 n - 2 potions of curing {unknown}
 s - 4 potions of cancellation {unknown}
 u - 7 potions of heal wounds {unknown}
 v - 3 potions of might {unknown}
 w - 2 potions of mutation {unknown}
 C - a potion of berserk rage {unknown}
Comestibles
 b - 17 rations


   Skills:
 + Level 5.3 Fighting
 * Level 5.4 Throwing
 + Level 5.3 Dodging
 - Level 3.0 Stealth
 * Level 8.5 Unarmed Combat


You had 8 spell levels left.
You didn't know any spells.
Your spell library contained the following spells:

 Spells                   Type           Power        Failure   Level  Hunger
 Corona                   Hex            #......      45%         1    ##.....
 Summon Butterflies       Summ           #.......     45%         1    ##.....
 Ensorcelled Hibernation  Hex/Ice        #.....       58%         2    ###....
 Call Canine Familiar     Summ           #.......     83%         3    ####...
 Confuse                  Hex            #.......     83%         3    ####...
 Dazzling Spray           Conj/Hex       #.....       83%         3    ####...
 Tukima's Dance           Hex            #.......     83%         3    ####...
 Summon Ice Beast         Ice/Summ       #.......     99%         4    #####..
 Summon Mana Viper        Hex/Summ       #.......     100%        5    ######.
 Summon Hydra             Summ           #.........   100%        7    #######


Dungeon Overview and Level Annotations

Branches:
Dungeon (8/15)             Temple (1/1) D:5
   Lair: D:8-11

Altars:
Ashenzari
Cheibriados
Dithmenos
Elyvilon
Fedhas
Hepliaklqana
Kikubaaqudgha
Makhleb
Nemelex Xobeh
Okawaru
Qazlal
Ru
Sif Muna
Trog
Uskayaw
Vehumet
Wu Jian
Xom
Yredelemnul
Zin
The Shining One

Annotations:
D:7 exclusion: hippogriff
D:8 Gastronok


Innate Abilities, Weirdness & Mutations

You are too large for most types of armour.
You have claws for hands.
Your metabolism is lightning-fast.
You like to eat raw meat.
Your natural rate of healing is unusually fast.
You are covered in fur. (AC +1)
You have extremely tough skin. (AC +3)


Message History

The killer bee poisons you!
You feel very sick.
You feel very sick. The killer bee closely misses you.
The killer bee stings you.
A jackal comes into view.
The killer bee stings you.
* * * LOW HITPOINT WARNING * * *
* * * LOW HITPOINT WARNING * * *
You feel very sick. The killer bee stings you!
* * * LOW HITPOINT WARNING * * *
* * * LOW HITPOINT WARNING * * *
You feel very sick. The killer bee stings you.
* * * LOW HITPOINT WARNING * * *
The killer bee barely misses you.
* * * LOW HITPOINT WARNING * * *
You feel very sick. The killer bee stings you!
You die...

.... ##...............#
.....###...##............##
.(.(..h..# #.............#
#.## ##............# #.†#
##...........# ##.##
##..........# #..#
##.........#
#..#########.>.....#
##..y@.............#
#..y.....####.>...#
#......### ###..##
#.#.....### ####
#.#.......## #.##.......##
#.##........# #.##.......##
..###.....##


You could see 2 killer bees.

Vanquished Creatures
  Pikel (D:6)
  Prince Ribbit (D:5)
  Sigmund (D:2)
  A sky beast (D:8)
  2 slaves
  A centaur (D:6)
  3 phantoms
  4 ogres
  Blork the orc (D:6)
  4 bullfrogs
  A scorpion (D:5)
  6 killer bees
  3 wights (D:8)
  A howler monkey (D:6)
  3 crimson imps
  A bullfrog zombie (D:5)
  A centaur zombie (D:6)
  A jelly (D:7)
  2 orc wizards (D:4)
  A centaur skeleton (D:7)
  2 hounds
  An iguana (D:8)
  9 worker ants
  A hound skeleton (D:4)
  A howler monkey zombie (D:7)
  A worker ant zombie (D:7)
  9 adders
  A gnoll (D:1)
  2 shadow imps
  3 adder skeletons
  3 worms
  2 dart slugs (D:1)
  2 leopard geckos
  6 orcs
  6 bats
  3 giant cockroaches
  5 goblins
  2 hobgoblins
  10 jackals
  3 quokkas
  A ball python (D:1)
  4 frilled lizards
  2 jackal skeletons
  A jackal zombie (D:8)
  4 kobolds (D:2)
  A leopard gecko skeleton (D:4)
  9 rats
  2 plants (D:6)
135 creatures vanquished.

Notes
Turn   | Place    | Note
-------+----------+-------------------------------------------
     0 | D:1      | steinardarri the Troll Monk began the quest for the Orb.
     0 | D:1      | Reached XP level 1. HP: 22/22 MP: 0/0
   178 | D:1      | Reached XP level 2. HP: 29/29 MP: 1/1
   868 | D:2      | Reached XP level 3. HP: 15/36 MP: 2/2
  1232 | D:2      | Noticed Sigmund
  1991 | D:3      | Reached skill level 4 in Unarmed Combat
  1991 | D:3      | Reached XP level 4. HP: 44/44 MP: 3/3
  2594 | D:4      | Reached XP level 5. HP: 48/53 MP: 4/4
  2755 | D:4      | Noticed a phantom
  2926 | D:4      | Found a hazy altar of Hepliaklqana.
  2989 | D:4      | Killed a phantom
  3062 | D:5      | Entered Level 5 of the Dungeon
  3062 | D:5      | Noticed an ogre
  3087 | D:5      | Noticed an ogre
  3150 | D:5      | Reached skill level 5 in Unarmed Combat
  3150 | D:5      | Reached XP level 6. HP: 54/61 MP: 5/5
  3235 | D:5      | Found a staircase to the Ecumenical Temple.
  3242 | D:5      | Noticed Prince Ribbit
  3728 | D:5      | Reached XP level 7. HP: 68/68 MP: 6/6
  4160 | D:6      | Reached skill level 6 in Unarmed Combat
  4216 | D:6      | Reached skill level 1 in Throwing
  4265 | D:6      | Noticed Pikel
  4336 | Temple   | Entered the Ecumenical Temple
  4806 | D:6      | Reached XP level 8. HP: 74/78 MP: 7/7
  4971 | D:6      | Noticed Blork the orc
  4981 | D:6      | Killed Blork the orc
  5035 | D:6      | Found an iron altar of Okawaru.
  5296 | D:6      | Found a sacrificial altar of Ru.
  5546 | D:6      | Found an iron altar of Okawaru.
  5766 | D:6      | Killed Pikel
  5766 | D:6      | Reached skill level 7 in Unarmed Combat
  6008 | D:7      | Noticed a hippogriff
  6171 | D:7      | Reached XP level 9. HP: 85/85 MP: 8/8
  7024 | D:6      | Found a sacrificial altar of Ru.
  7398 | D:2      | Found a hide-covered altar of Uskayaw.
  7398 | D:2      | Noticed a +0 hand axe
  7398 | D:2      | Noticed a +0 hand axe
  7450 | D:2      | Killed Sigmund
  7450 | D:2      | Reached skill level 5 in Fighting
  7450 | D:2      | Reached skill level 5 in Dodging
  7521 | D:2      | Found a glowing golden altar of the Shining One.
  7701 | D:5      | Killed Prince Ribbit
  7701 | D:5      | Reached skill level 8 in Unarmed Combat
  7792 | D:8      | Reached skill level 5 in Throwing
  7875 | D:8      | Noticed Gastronok
  8034 | D:8      | Slain by a killer bee

Skill      XL: |  1  2  3  4  5  6  7  8  9 |
---------------+----------------------------+-----
Unarmed Combat | 4 5 6 7 8 |  8.5
Fighting       | 3 4 5 |  5.3
Dodging        | 3 4 5 |  5.3
Stealth        | 2 3 |  3.0
Throwing       | 2 4 5 |  5.4

Action                   |  1- 3 |  4- 6 |  7- 9 || total
-------------------------+-------+-------+-------++-------
Melee: Unarmed           |    91 |    94 |   209 ||   394
       Punch             |     3 |     3 |     9 ||    15
Throw: Stone             |     5 |     9 |     1 ||    15
       Large rock        |       |       |    32 ||    32
  Use: Scroll            |     2 |       |     4 ||     6
 Stab: Sleeping          |     4 |     2 |     6 ||    12
  Eat: Chunk             |    24 |    13 |    32 ||    69
       Ration            |       |       |     1 ||     1
Armor: Robe              |    28 |    24 |    48 ||   100
Dodge: Dodged            |    45 |    39 |   106 ||   190
